 Dungeon Crawl Stone Soup version 0.31-a0-819-gf6de2f5ab6 (webtiles) character file.

Game seed: 16184675784564036537

10266 qw the Skirmisher (level 11, -4/72 HPs)
             Began as a Gargoyle Hunter on Sept 23, 2023.
             Was a Priest of Okawaru.
             Slain by a yak (12 damage)
             ... on level 2 of the Lair of Beasts.
             The game lasted 00:04:33 (10131 turns).

qw the Skirmisher (Gargoyle Hunter)                Turns: 10131, Time: 00:04:34

Health: -4/72      AC: 21    Str: 16    XL:     11   Next: 59%
Magic:  13/14      EV: 17    Int:  9    God:    Okawaru [***...]
Gold:   645        SH:  0    Dex: 17    Spells: 10/10 levels left

rFire   . . .        Y - +4 orcbow (drain)
rCold   + . .        (shield currently unavailable)
rNeg    + . .        o - +0 steam dragon scales
rPois   inf          j - +0 helmet
rElec   +            b - +0 cloak
rCorr   .            m - +0 pair of gloves
SInv    +            k - +0 pair of boots
Will    .....        r - amulet of the acrobat
Stlth   +++          d - ring of see invisible
HPRegen 0.32/turn    q - ring of protection from cold
MPRegen 0.14/turn

%: acrobat
@: about to teleport, heroic
A: sickness immunity, AC +8, negative energy resistance 1, electricity
resistance, torment resistance 1, petrification resistance
a: Renounce Religion, Heroism


You were on level 2 of the Lair of Beasts.
You worshipped Okawaru.
Okawaru was most pleased with you.
You visited 3 branches of the dungeon, and saw 12 of its levels.
You also visited: Sewer.

You collected 645 gold pieces.


Innate Abilities, Weirdness & Mutations

You are immune to sickness and miasma.
Your stone body is resilient. (AC +8)
You are immune to poison.
You resist negative energy. (rN+)
You are resistant to electric shocks. (rElec)
You are resistant to unholy torment.
You are immune to petrification.


   Skills:
 - Level 10.0(15.0) Fighting
 - Level 14.0(19.0) Ranged Weapons
 - Level 5.0(10.0) Armour
 + Level 4.2(9.2) Dodging
 - Level 1.1(6.1) Stealth
 - Level 4.1 Invocations


You had 10 spell levels left.
You didn't know any spells.
Your spell library was empty.

Inventory:

Hand Weapons
 Y - a +4 orcbow of draining (weapon)
Armour
 b - a +0 cloak (worn)
 j - a +0 helmet (worn)
 k - a +0 pair of boots (worn)
 m - a +0 pair of gloves (worn)
 o - +0 steam dragon scales (worn)
Jewellery
 d - a ring of see invisible (left hand)
 e - the amulet "Imihof Dady" {Spirit rC- Str+6 Int+2 Stlth+}
   (You acquired it on level 3 of the Dungeon)

   [amulet of guardian spirit]

   Spirit:    It causes incoming damage to be divided between your reserves of
   health and magic.
   Str+6:     It affects your strength (+6).
   Int+2:     It affects your intelligence (+2).
   rC-:       It makes you vulnerable to cold.
   Stlth+:    It makes you more stealthy.
 q - a ring of protection from cold (right hand)
 r - an amulet of the acrobat (around neck)
Scrolls
 a - a scroll of identify
 h - a scroll of teleportation
Potions
 c - 3 potions of haste
 f - a potion of mutation {unknown}
 g - a potion of curing
 i - a potion of enlightenment
 l - a potion of brilliance {unknown}
 n - a potion of resistance
 p - a potion of might
 s - a potion of invisibility {unknown}
 t - a potion of cancellation {unknown}

Dungeon Overview and Level Annotations

Branches:
Dungeon (9/15)             Temple (1/1) D:7            Lair (2/5) D:9
  Sewer (visited)
  Swamp: Lair:2-3    Shoals: Lair:2-3     Snake: Lair:2-3    Spider: Lair:2-3
    Orc: D:9-12

Altars:
Ashenzari
Dithmenos
Elyvilon
Fedhas
Gozag
Hepliaklqana
Kikubaaqudgha
Makhleb
Nemelex Xobeh
Okawaru
Qazlal
Ru
Sif Muna
Trog
Uskayaw
Vehumet
Wu Jian
Xom
Yredelemnul
Zin
The Shining One

Shops:
D:1 ([(=

Annotations:
D:5 1 runed translucent door, qw's ghost, novice MiHs
D:9 1 runed translucent door


Message History

You shoot an arrow. The arrow hits the yak!!
You drain the yak.
The yak is severely wounded.
The yak completely misses you.
You shoot an arrow. The arrow hits the yak.
The yak is severely wounded.
The yak misses you. The yak gores you but does no damage.
The yak misses you. x2
You shoot an arrow.
The arrow hits the yak but does no damage.
The yak is severely wounded.
The yak gores you. The yak closely misses you. The yak barely misses you. x2
The yak closely misses you.
You shoot an arrow. The arrow hits the yak!!
You kill the yak!
Okawaru accepts your kill. The yak gores you!
Your base Fighting skill increases to level 10!
You shoot an arrow. The arrow hits the yak!
The yak is moderately wounded.
The yak completely misses you. The yak barely misses you. x2
The yak gores you but does no damage. x3
You shoot an arrow. The arrow hits the yak.
The yak is moderately wounded.
The yak gores you! x2; The yak gores you but does no damage.
The yak closely misses you. The yak misses you.
10129 ||| READING 2 scrolls of teleportation.
As you read the scroll of teleportation, it crumbles to dust.
You feel strangely unstable. The yak closely misses you.
The yak gores you but does no damage. The yak completely misses you.
The yak misses you. The yak gores you but does no damage.
The yak closely misses you. The yak gores you.
10130 ||| DRINKING potion of heal wounds.
You feel much better. The yak barely misses you. The yak completely misses you.
The yak gores you! The yak barely misses you. The yak gores you!
The yak closely misses you. The yak misses you.
You shoot an arrow. The arrow hits the yak.
You drain the yak.
The yak is severely wounded.
The yak closely misses you. x2; The yak completely misses you.
The yak gores you!
You die...

.......................##
.........#........P....####
##....P##...............#.##
...........................#
...........................#
...................^.......##
............................#
................YY..........#
.............Y@Y.........##
.............YYY.........#
.............Y..........#
..................#
#....#.#..........#
..................#
..................#
..................#
...####.........#


You could see 8 yaks.

Vanquished Creatures
  A black mamba (Lair:1)
  2 cane toads (Lair:1)
  4 elephants (Lair:1)
  3 komodo dragons
  A troll (D:9)
  A polar bear (Lair:1)
  3 wyverns
  14 yaks
  2 basilisks
  2 steam dragons
  2 wargs (D:9)
  A water moccasin (Lair:1)
  2 orc warriors (D:9)
  A black bear (Lair:1)
  An ogre (D:6)
  A phantom (D:4)
  4 kobold brigands
  8 bullfrogs
  4 scorpions
  5 wights (D:8)
  9 killer bees (D:9)
  2 howler monkeys
  An electric eel (Lair:2)
  A crimson imp (D:5)
  4 gnoll boudas
  3 hounds
  6 orc priests
  A jelly (D:6)
  A sleepcap (D:8)
  Jessica (D:3)
  3 iguanas
  10 orc wizards
  12 adders
  23 gnolls
  5 river rats (Sewer)
  A shadow imp (D:7)
  A white imp (D:7)
  2 worms
  4 dart slugs
  33 orcs
  6 bats
  10 endoplasms
  7 giant cockroaches
  8 hobgoblins
  13 jackals
  2 quokkas
  6 ball pythons
  12 frilled lizards
  13 goblins
  19 kobolds
  7 rats
288 creatures vanquished.

Vanquished Creatures (others)
  An orc warrior (D:7)
1 creature vanquished.

Grand Total: 289 creatures vanquished

Notes
Turn   | Place    | Note
-------+----------+-------------------------------------------
     0 | D:1      | qw the Gargoyle Hunter began the quest for the Orb.
     0 | D:1      | Reached XP level 1. HP: 12/12 MP: 1/1
     0 | D:1      | 0 ||| qw: Version: 0.3-a-83-gcd0e7d8
     0 | D:1      | 0 ||| qw: Game counter: 1627
     0 | D:1      | 0 ||| qw: Melee chars always use a shield: true
     0 | D:1      | 0 ||| qw: God list: Okawaru
     0 | D:1      | 0 ||| qw: Allow faded altars: false
     0 | D:1      | 0 ||| qw: Do Orc after clearing Dungeon:15 true
     0 | D:1      | 0 ||| qw: Do second Lair branch before Depths: true
     0 | D:1      | 0 ||| qw: Lair rune preference: random
     0 | D:1      | 0 ||| qw: Goals: Normal
     0 | D:1      | 0 ||| PLANNING D:1-11
    43 | D:1      | Found Kuisch's Weapon Shoppe.
    60 | D:1      | 60 ||| SHOPLISTING +4 orcbow of freezing (367 gold, have
                  | 0).
    60 | D:1      | 60 ||| SHOPLISTING +4 sling of Feaxzo {heavy, *Corrode
                  | rElec Will+ Dex+3} (559 gold, have 0).
    72 | D:1      | Found Gieqoodd's Armour Boutique.
    86 | D:1      | Reached XP level 2. HP: 15/17 MP: 2/2
    98 | D:1      | 98 ||| SHOPLISTING +0 pair of boots (54 gold, have 0).
    98 | D:1      | 98 ||| SHOPLISTING +0 pair of gloves (54 gold, have 0).
    98 | D:1      | 98 ||| SHOPLISTING +0 ring mail (48 gold, have 0).
   153 | D:1      | Found a faded altar of an unknown god.
   193 | D:1      | Found Amenwit's Weapon Emporium.
   291 | D:1      | Reached XP level 3. HP: 21/21 MP: 3/3
   292 | D:1      | Found Onerghoon's Jewellery Boutique.
   318 | D:1      | 318 ||| SHOPLISTING +5 ring of evasion (432 gold, have 0).
   318 | D:1      | 318 ||| SHOPLISTING amulet of reflection (360 gold, have
                  | 0).
   318 | D:1      | 318 ||| SHOPLISTING ring of protection from fire (300 gold,
                  | have 0).
   318 | D:1      | 318 ||| SHOPLISTING ring of resist corrosion (240 gold,
                  | have 0).
   318 | D:1      | 318 ||| SHOPLISTING ring of see invisible (180 gold, have
                  | 0).
   318 | D:1      | 318 ||| SHOPLISTING ring of willpower (300 gold, have 0).
   344 | D:1      | Reached skill level 5 in Ranged Weapons
   527 | D:1      | 527 ||| UPGRADING to +0 ring mail.
   537 | D:1      | 537 ||| DROPPING +0 leather armour.
   538 | D:1      | 538 ||| READING 5 scrolls labelled FUISKYBLA CIAN.
   539 | D:1      | 539 ||| READING scroll labelled CEDEUF TOZATAF.
   540 | D:1      | 540 ||| READING 4 scrolls of identify.
   540 | D:1      | 540 ||| IDENTIFYING bubbling clear potion
   541 | D:1      | 541 ||| READING 3 scrolls of identify.
   541 | D:1      | 541 ||| IDENTIFYING smoky cyan potion
   542 | D:1      | 542 ||| DROPPING scroll of butterflies.
   543 | D:1      | 543 ||| DROPPING scroll of immolation.
   544 | D:1      | 544 ||| DROPPING potion of berserk rage.
   700 | D:2      | Identified the +5 short sword of Tortfeasance {drain, Drain
                  | Will+ Stlth+}
   719 | D:2      | Reached skill level 1 in Armour
   846 | D:2      | Reached skill level 3 in Fighting
   846 | D:2      | Reached XP level 4. HP: 24/28 MP: 4/4
  1362 | D:2      | 1362 ||| UPGRADING to +0 cloak.
  1367 | D:2      | 1367 ||| READING scroll labelled CISUMU KEITWUST.
  1368 | D:2      | 1368 ||| READING scroll labelled UMUPPET TASKI.
  1369 | D:2      | 1369 ||| READING 2 scrolls labelled UGOUCI QOYGHE.
  1372 | D:2      | 1372 ||| READING 2 scrolls labelled HET ORONIKILIPNU.
  1372 | D:2      | Identified 2 scrolls of acquirement
  1372 | D:2      | 1372 ||| ACQUIRING +2 orcbow of freezing
  1372 | D:2      | Acquired a +2 orcbow of freezing
  1374 | D:2      | 1374 ||| SWAPPING to +2 orcbow of freezing.
  1375 | D:2      | 1375 ||| DROPPING +1 shortbow.
  1376 | D:2      | 1376 ||| READING scroll of acquirement.
  1376 | D:2      | 1376 ||| ACQUIRING ring of see invisible
  1376 | D:2      | Acquired a ring of see invisible
  1378 | D:2      | 1378 ||| UPGRADING to ring of see invisible.
  1379 | D:2      | 1379 ||| READING 2 scrolls of identify.
  1379 | D:2      | 1379 ||| IDENTIFYING metallic purple potion
  1380 | D:2      | 1380 ||| DROPPING potion of degeneration.
  1435 | D:3      | 1435 ||| READING scroll of acquirement.
  1435 | D:3      | 1435 ||| ACQUIRING amulet "Imihof Dady" {Spirit rC- Str+6
                  | Int+2 Stlth+}
  1435 | D:3      | Acquired the amulet "Imihof Dady" {Spirit rC- Str+6 Int+2
                  | Stlth+}
  1437 | D:3      | 1437 ||| UPGRADING to amulet "Imihof Dady" {Spirit rC-
                  | Str+6 Int+2 Stlth+}.
  1495 | D:3      | Reached XP level 5. HP: 27/32 MP: 5/5
  1578 | D:3      | Reached skill level 6 in Ranged Weapons
  1770 | D:3      | Noticed Jessica
  1771 | D:3      | Killed Jessica
  1931 | D:3      | Reached XP level 6. HP: 38/38 MP: 6/6
  2068 | D:3      | 2068 ||| READING 2 scrolls of identify.
  2068 | D:3      | 2068 ||| IDENTIFYING viscous blue potion
  2171 | D:4      | 2171 ||| FLEEEEING.
  2172 | D:4      | 2172 ||| FLEEEEING.
  2174 | D:4      | 2174 ||| FLEEEEING.
  2175 | D:4      | 2175 ||| FLEEEEING.
  2176 | D:4      | 2176 ||| FLEEEEING.
  2177 | D:4      | 2177 ||| FLEEEEING.
  2178 | D:4      | 2178 ||| FLEEEEING.
  2179 | D:4      | 2179 ||| FLEEEEING.
  2180 | D:4      | 2180 ||| FLEEEEING.
  2181 | D:4      | 2181 ||| FLEEEEING.
  2182 | D:4      | 2182 ||| FLEEEEING.
  2183 | D:4      | 2183 ||| FLEEEEING.
  2220 | D:4      | Reached skill level 7 in Ranged Weapons
  2240 | D:4      | 2240 ||| FLEEEEING.
  2241 | D:4      | 2241 ||| FLEEEEING.
  2243 | D:4      | 2243 ||| STAIRDANCE
  2263 | D:3      | 2263 ||| READING scroll labelled TEBLIA BISOH.
  2346 | D:4      | Reached XP level 7. HP: 42/43 MP: 5/7
  2714 | D:5      | Entered Level 5 of the Dungeon
  2731 | D:5      | Reached skill level 8 in Ranged Weapons
  2763 | D:5      | Found an ancient bone altar of Kikubaaqudgha.
  2769 | D:5      | Found a radiant altar of Vehumet.
  2773 | D:5      | Found a shimmering blue altar of Sif Muna.
  2863 | D:5      | Found a runed translucent door.
  2868 | D:5      | Noticed qw's ghost (novice MiHs)
  3020 | D:5      | You fall into a shaft and drop 2 floors!
  3103 | D:7      | 3103 ||| UPGRADING to +0 pair of boots.
  3117 | D:6      | 3117 ||| PLANNING SEWER
  3135 | D:6      | Found a glowing drain.
  3156 | Sewer    | Entered a sewer
  3187 | Sewer    | Reached XP level 8. HP: 33/49 MP: 4/8
  3471 | Sewer    | 3471 ||| READING scroll of enchant weapon.
  3471 | Sewer    | 3471 ||| ENCHANTING +2 orcbow of freezing.
  3528 | Sewer    | 3528 ||| Stepping ~*~*~tactically~*~*~ (water).
  3530 | Sewer    | 3530 ||| Stepping ~*~*~tactically~*~*~ (water).
  3532 | Sewer    | 3532 ||| READING scroll labelled WALIEME DOOTUH.
  3602 | Sewer    | 3602 ||| READING scroll of enchant weapon.
  3602 | Sewer    | 3602 ||| ENCHANTING +3 orcbow of flaming.
  3646 | Sewer    | 3646 ||| READING scroll labelled VULAROKHECK.
  3647 | Sewer    | 3647 ||| DRINKING 2 amethyst potions.
  3650 | Sewer    | 3650 ||| Stepping ~*~*~tactically~*~*~ (water).
  3809 | D:6      | 3809 ||| PLANNING D:1-11
  4086 | D:5      | Reached skill level 9 in Ranged Weapons
  4322 | D:5      | Found a burning altar of Makhleb.
  4480 | D:6      | Reached skill level 6 in Fighting
  4480 | D:6      | 4480 ||| STAIRDANCE
  4851 | D:6      | Found a faded altar of an unknown god.
  4851 | D:6      | Found a blossoming altar of Fedhas.
  4859 | D:6      | Found a hazy altar of Hepliaklqana.
  4861 | D:6      | Found a bloodstained altar of Trog.
  4863 | D:6      | Found a glowing silver altar of Zin.
  5304 | D:6      | 5304 ||| UPGRADING to +0 pair of gloves.
  5309 | D:6      | 5309 ||| UPGRADING to +0 steam dragon scales.
  5319 | D:6      | 5319 ||| DROPPING +0 ring mail.
  5367 | D:7      | Reached skill level 3 in Armour
  5466 | D:7      | Found a staircase to the Ecumenical Temple.
  5467 | D:7      | 5467 ||| PLANNING TEMPLE
  5470 | D:7      | 5470 ||| FLEEEEING.
  5474 | D:7      | 5474 ||| STAIRDANCE
  5482 | D:7      | 5482 ||| FLEEEEING.
  5483 | D:7      | 5483 ||| FLEEEEING.
  5484 | D:7      | 5484 ||| FLEEEEING.
  5485 | D:7      | 5485 ||| FLEEEEING.
  5486 | D:7      | 5486 ||| STAIRDANCE
  5492 | D:7      | Reached skill level 10 in Ranged Weapons
  5492 | D:7      | Reached XP level 9. HP: 55/55 MP: 9/9
  5507 | Temple   | Entered the Ecumenical Temple
  5508 | Temple   | 5508 ||| PLANNING OKAWARU WORSHIP
  5512 | Temple   | Became a worshipper of Warmaster Okawaru
  5513 | Temple   | 5513 ||| PLANNING D:1-11
  5513 | Temple   | 5513 ||| REMOVING amulet "Imihof Dady" {Spirit rC- Str+6
                  | Int+2 Stlth+}.
  5560 | D:7      | 5560 ||| READING scroll of brand weapon.
  5560 | D:7      | 5560 ||| BRANDING +4 orcbow of flaming.
  5638 | D:7      | Reached skill level 3 in Dodging
  5755 | D:7      | 5755 ||| READING scroll labelled KEMIAR UHOO.
  5756 | D:7      | 5756 ||| DRINKING 2 coppery potions.
  5761 | D:7      | HP: 5/55 [something (29)]
  6114 | D:8      | 6114 ||| RETREEAATING.
  6118 | D:8      | 6118 ||| Stepping ~*~*~tactically~*~*~ (retreating).
  6119 | D:8      | 6119 ||| Stepping ~*~*~tactically~*~*~ (retreating).
  6121 | D:8      | 6121 ||| DRINKING 2 potions of curing.
  6121 | D:8      | 6121 ||| (to cure confusion)
  6136 | D:8      | HP: 12/57 [wight/+3 halberd (12)]
  6137 | D:8      | 6137 ||| READING 4 scrolls of teleportation.
  6137 | D:8      | HP: 5/57 [wight/+3 halberd (7)]
  6150 | D:8      | 6150 ||| READING 3 scrolls of teleportation.
  6792 | D:8      | Reached * piety under Okawaru
  6851 | D:8      | 6851 ||| Stepping ~*~*~tactically~*~*~ (water).
  7084 | D:8      | 7084 ||| UPGRADING to amulet of the acrobat.
  7089 | D:8      | 7089 ||| UPGRADING to ring of protection from cold.
  7158 | D:9      | 7158 ||| Stepping ~*~*~tactically~*~*~ (retreating).
  7164 | D:9      | Reached skill level 11 in Ranged Weapons
  7164 | D:9      | Reached skill level 1 in Invocations
  7167 | D:9      | 7167 ||| INVOKING Heroism.
  7175 | D:9      | 7175 ||| Stepping ~*~*~tactically~*~*~ (retreating).
  7187 | D:9      | 7187 ||| FLEEEEING.
  7195 | D:9      | 7195 ||| STAIRDANCE
  7265 | D:9      | 7265 ||| RETREEAATING.
  7266 | D:9      | 7266 ||| STILL RETREEAATING.
  7267 | D:9      | 7267 ||| STILL RETREEAATING.
  7272 | D:9      | 7272 ||| INVOKING Heroism.
  7286 | D:9      | Reached skill level 3 in Invocations
  7295 | D:9      | 7295 ||| INVOKING Heroism.
  7304 | D:9      | Noticed a troll
  7310 | D:9      | Killed a troll
  7311 | D:9      | Reached XP level 10. HP: 32/64 MP: 9/13
  7329 | D:9      | 7329 ||| INVOKING Heroism.
  7369 | D:9      | 7369 ||| FLEEEEING.
  7370 | D:9      | 7370 ||| FLEEEEING.
  7371 | D:9      | 7371 ||| FLEEEEING.
  7372 | D:9      | 7372 ||| FLEEEEING.
  7373 | D:9      | 7373 ||| FLEEEEING.
  7374 | D:9      | 7374 ||| FLEEEEING.
  7375 | D:9      | 7375 ||| FLEEEEING.
  7376 | D:9      | 7376 ||| FLEEEEING.
  7377 | D:9      | 7377 ||| STAIRDANCE
  7420 | D:9      | 7420 ||| INVOKING Heroism.
  7423 | D:9      | 7423 ||| STAIRDANCE
  7476 | D:9      | Found a staircase to the Lair.
  7481 | D:9      | 7481 ||| INVOKING Heroism.
  7717 | D:9      | Noticed an orc knight
  7717 | D:9      | Noticed a cyclops
  7717 | D:9      | Noticed an eight-headed hydra
  7718 | D:9      | Found a runed translucent door.
  7720 | D:9      | Noticed a centaur warrior
  7720 | D:9      | Noticed an orc knight
  7720 | D:9      | Noticed a centaur warrior
  7720 | D:9      | Noticed a cyclops
  7720 | D:9      | Found the +12 glaive of Prune {freeze, Prune}
  7825 | D:9      | Reached skill level 12 in Ranged Weapons
  8288 | D:9      | 8288 ||| PLANNING LAIR
  8288 | D:9      | 8288 ||| DRINKING 2 dark potions.
  8289 | D:9      | 8289 ||| DROPPING potion of attraction.
  8336 | Lair:1   | Entered Level 1 of the Lair of Beasts
  8337 | Lair:1   | 8337 ||| INVOKING Heroism.
  8338 | Lair:1   | 8338 ||| STAIRDANCE
  8444 | Lair:1   | 8444 ||| INVOKING Heroism.
  8445 | Lair:1   | 8445 ||| STAIRDANCE
  8551 | Lair:1   | 8551 ||| INVOKING Heroism.
  8562 | Lair:1   | 8562 ||| STAIRDANCE
  8677 | Lair:1   | Noticed a cane toad
  8678 | Lair:1   | 8678 ||| INVOKING Heroism.
  8682 | Lair:1   | Killed a cane toad
  8719 | Lair:1   | 8719 ||| INVOKING Heroism.
  8803 | Lair:1   | 8803 ||| RETREEAATING.
  8804 | Lair:1   | 8804 ||| STILL RETREEAATING.
  8818 | Lair:1   | Reached ** piety under Okawaru
  8824 | Lair:1   | Noticed a black mamba
  8825 | Lair:1   | 8825 ||| INVOKING Heroism.
  8828 | Lair:1   | 8828 ||| Stepping ~*~*~tactically~*~*~ (retreating).
  8829 | Lair:1   | 8829 ||| Stepping ~*~*~tactically~*~*~ (retreating).
  8830 | Lair:1   | 8830 ||| Stepping ~*~*~tactically~*~*~ (retreating).
  8834 | Lair:1   | Noticed a cane toad
  8835 | Lair:1   | Killed a black mamba
  8841 | Lair:1   | Killed a cane toad
  8842 | Lair:1   | Reached skill level 13 in Ranged Weapons
  8899 | Lair:1   | 8899 ||| INVOKING Heroism.
  8904 | Lair:1   | Reached XP level 11. HP: 69/69 MP: 11/14
  9036 | Lair:1   | 9036 ||| RETREEAATING.
  9038 | Lair:1   | Reached skill level 9 in Fighting
  9188 | Lair:1   | Reached *** piety under Okawaru
  9333 | Lair:1   | 9333 ||| RETREEAATING.
  9336 | Lair:1   | 9336 ||| RETREEAATING.
  9347 | Lair:1   | 9347 ||| Stepping ~*~*~tactically~*~*~ (retreating).
  9357 | Lair:1   | 9357 ||| INVOKING Heroism.
  9364 | Lair:1   | Reached skill level 14 in Ranged Weapons
  9775 | Lair:1   | 9775 ||| DROPPING ring of wizardry.
  9776 | Lair:1   | 9776 ||| DRINKING 2 bubbling sapphire potions.
  9795 | Lair:1   | 9795 ||| DRINKING 2 white potions.
  9796 | Lair:1   | 9796 ||| DRINKING 2 cyan potions.
  9797 | Lair:1   | 9797 ||| DROPPING potion of lignification.
  9823 | Lair:2   | 9823 ||| INVOKING Heroism.
  9824 | Lair:2   | 9824 ||| STAIRDANCE
  9839 | Lair:2   | 9839 ||| INVOKING Heroism.
  9840 | Lair:2   | 9840 ||| STAIRDANCE
  9911 | Lair:2   | 9911 ||| RETREEAATING.
  9912 | Lair:2   | 9912 ||| STILL RETREEAATING.
  9913 | Lair:2   | 9913 ||| STILL RETREEAATING.
  9914 | Lair:2   | 9914 ||| STILL RETREEAATING.
  9915 | Lair:2   | 9915 ||| STILL RETREEAATING.
  9916 | Lair:2   | 9916 ||| STILL RETREEAATING.
  9917 | Lair:2   | 9917 ||| INVOKING Heroism.
 10012 | Lair:2   | 10012 ||| UPGRADING to +0 helmet.
 10092 | Lair:2   | 10092 ||| RETREEAATING.
 10093 | Lair:2   | 10093 ||| STILL RETREEAATING.
 10094 | Lair:2   | 10094 ||| STILL RETREEAATING.
 10095 | Lair:2   | 10095 ||| STILL RETREEAATING.
 10096 | Lair:2   | 10096 ||| STILL RETREEAATING.
 10097 | Lair:2   | 10097 ||| STILL RETREEAATING.
 10098 | Lair:2   | 10098 ||| STILL RETREEAATING.
 10099 | Lair:2   | 10099 ||| STILL RETREEAATING.
 10100 | Lair:2   | 10100 ||| STILL RETREEAATING.
 10101 | Lair:2   | 10101 ||| STILL RETREEAATING.
 10117 | Lair:2   | 10117 ||| INVOKING Heroism.
 10128 | Lair:2   | HP: 15/72 [yak (8)]
 10129 | Lair:2   | 10129 ||| READING 2 scrolls of teleportation.
 10130 | Lair:2   | 10130 ||| DRINKING potion of heal wounds.
 10130 | Lair:2   | HP: 7/72 [yak (12)]
 10131 | Lair:2   | Slain by a yak

Levels and vault maps discovered:
D:1:      roderic_dead_forest, layout_rooms, hellmonk_ecumenical_altar_blasted,
          serial_shops, shop, shop, shop, nicolae_shop_crystal, hex_medium
D:2:      layout_basic
D:3:      layout_loops_ring, uniq_jessica
D:4:      layout_basic
D:5:      layout_loops_corners, grunt_temple_overflow_magic_moments,
          makhleb_grotto_becter, ebering_ghost_sewer_d
D:6:      layout_basic, chequers_temple_overflow_minitemple,
          gup_sewer_entry_glass
D:7:      layout_rooms, minmay_temple_entry_sparse_star, lemuel_flamethrower_2
D:8:      layout_basic, enter_bailey_4
D:9:      minmay_gate_of_8, layout_loops_corners, erik_lair_orcish_takeover
Temple:   nicolae_temple_ecumenical_triangle
Lair:1:   layout_roguey
Lair:2:   layout_gridlike, lemuel_fruit_tree

Skill      XL: |  1  2  3  4  5  6  7  8  9 10 11 |
---------------+----------------------------------+-----
Ranged Weapons | 5 6 7 8 10 11 13 14 | 14.0
Armour         | 1 2 3 4 5 |  5.0
Fighting       | 3 4 5 6 8 10 | 10.0
Dodging        | 2 3 4 |  4.2
Invocations    | 4 |  4.1
Stealth        | |  1.1

Action                     |  1- 3 |  4- 6 |  7- 9 | 10-12 || total
---------------------------+-------+-------+-------+-------++-------
   Fire: Shortbow          |   117 |    49 |       |       ||   166
         Orcbow            |       |   122 |   396 |   232 ||   750
 Invoke: Heroism           |       |       |     3 |    15 ||    18
    Use: Scroll            |     4 |     9 |     8 |     1 ||    22
         Potion            |       |       |     3 |     5 ||     8
 Armour: Leather armour    |     7 |       |       |       ||     7
         Ring mail         |    26 |    37 |    65 |       ||   128
         Steam dragon scal |       |       |    66 |    94 ||   160
  Dodge: Dodged            |    27 |    53 |   134 |   114 ||   328

Table legend:
 A = Non-vault XP
 B = Vault XP
 C = Vault XP percentage of total XP
 D = Non-vault monster count
 E = Vault monster count
 F = Vault count percentage of total count
                 A         B        C        D         E       F
            +---------+---------+-------+---------+---------+-------
      Total |   13497 |    1169 |   8.0 |     241 |      47 |  16.3
            +---------+---------+-------+---------+---------+-------
        D:1 |      44 |       0 |   0.0 |      29 |       0 |   0.0
        D:2 |      93 |       0 |   0.0 |      26 |       0 |   0.0
        D:3 |     186 |      37 |  16.6 |      32 |       1 |   3.0
        D:4 |     387 |       0 |   0.0 |      19 |       0 |   0.0
        D:5 |     360 |      50 |  12.2 |      25 |       1 |   3.8
        D:6 |     466 |      20 |   4.1 |       6 |       4 |  40.0
        D:7 |     554 |       0 |   0.0 |      22 |       0 |   0.0
        D:8 |    1058 |      11 |   1.0 |      21 |       5 |  19.2
        D:9 |    1772 |     645 |  26.7 |      25 |       9 |  26.5
     Lair:1 |    6379 |       0 |   0.0 |      24 |       0 |   0.0
     Lair:2 |    2198 |       0 |   0.0 |      12 |       0 |   0.0
      Sewer |       0 |     406 | 100.0 |       0 |      27 | 100.0
            +---------+---------+-------+---------+---------+-------
